 Dungeon Crawl Stone Soup version 0.22.1-2-g9c5b331383 (webtiles) character file.

6447 Gargoyl the Cleaver (level 10, -3/84 HPs)
             Began as a Centaur Abyssal Knight on Dec 5, 2018.
             Was an Elder of Lugonu.
             Slain by a basilisk (11 damage)
             ... on level 8 of the Dungeon.
             The game lasted 00:15:13 (11164 turns).

Gargoyl the Cleaver (Centaur Abyssal Knight)       Turns: 11164, Time: 00:15:14

Health: -3/84      AC: 16    Str: 16    XL:     10   Next: 67%
Magic:  24/24      EV:  3    Int: 11    God:    Lugonu [****..]
Gold:   264        SH:  4    Dex: 11    Spells: 9/9 levels left

rFire    . . .     SeeInvis .   d - +3 hand axe (venom)
rCold    . . .     Gourm    .   b - +0 buckler
rNeg     . . .     Faith    .   e - +4 plate armour
rPois    .         Spirit   .   (no helmet)
rElec    .         Reflect  .   p - +0 cloak
rCorr    +         Harm     .   (no gloves)
MR       .....                  (no barding)
Stlth    ..........             (no amulet)
HPRegen  0.24/turn              o - ring of magical power
MPRegen  0.19/turn              l - ring of resist corrosion

@: very quick
A: large, hooves 3, deformed body, speed 2, tough skin 3
a: Depart the Abyss, Bend Space, Banish, Corrupt, Renounce Religion


You were on level 8 of the Dungeon.
You worshipped Lugonu.
Lugonu was greatly pleased with you.
You were hungry.

You visited 1 branch of the dungeon, and saw 9 of its levels.
You visited the Abyss 1 time.

You collected 544 gold pieces.
You spent 280 gold pieces at shops.

Inventory:

Hand Weapons
 a - a +1 hand axe
 d - a +3 hand axe of venom (weapon)
 j - a +0 broad axe
 n - a +3 hand axe
Missiles
 f - 4 javelins (quivered)
Armour
 b - a +0 buckler (worn)
 e - a +4 plate armour (worn)
 p - a +0 cloak (worn)
Jewellery
 l - a ring of resist corrosion (right hand)
 o - a ring of magical power (left hand)
 z - a cursed ring of attention {unknown}
Wands
 u - a wand of disintegration (29)
 A - a wand of flame (25)
 B - a wand of scattershot (4)
Scrolls
 g - 3 scrolls of remove curse
 m - 6 scrolls of teleportation
 t - 3 scrolls of magic mapping
 v - a scroll of fear
 y - a scroll of amnesia
Potions
 h - 2 potions of cancellation
 i - 2 potions of curing
 k - 2 potions of flight
 q - a potion of might {unknown}
 r - 2 potions of agility {unknown}
 s - 2 potions of heal wounds {unknown}
 w - a potion of mutation {unknown}
 x - a potion of haste
Comestibles
 c - 16 rations


   Skills:
 + Level 6.4 Fighting
 + Level 8.2 Axes
 + Level 2.4 Throwing
 * Level 7.7 Armour
 + Level 1.0 Dodging
 + Level 2.1 Shields
 * Level 7.5 Invocations


You had 9 spell levels left.
You didn't know any spells.
Your spell library contained the following spells:

 Spells                   Type           Power        Failure   Level  Hunger
 Confusing Touch          Hex            #.....       100%        1    ##.....
 Corona                   Hex            #......      100%        1    ##.....
 Ensorcelled Hibernation  Hex/Ice        #.....       100%        2    ###....
 Confuse                  Hex            #.......     100%        3    ####...
 Dazzling Spray           Conj/Hex       #.....       100%        3    ####...
 Gell's Gravitas          Tloc           #.........   100%        3    ####...
 Tukima's Dance           Hex            #.......     100%        3    ####...
 Petrify                  Tmut/Erth      #.......     100%        4    #####..
 Metabolic Englaciation   Hex/Ice        #.........   100%        5    ######.
 Yara's Violent Unravell  Hex/Tmut       #.........   100%        5    ######.


Dungeon Overview and Level Annotations

Branches:
Dungeon (9/15)             Temple (0/1) D:7
   Lair: D:8-11         Orc: D:9-12

Altars:
Cheibriados
Qazlal
Ru
Xom
Zin

Shops:
D:7 ?


Innate Abilities, Weirdness & Mutations

You have hooves in place of feet.
Armour fits poorly on your strangely shaped body.
You cover ground very quickly.
You have extremely tough skin. (AC +3)


Message History

The basilisk gazes at you. You resist with some effort.
The yak gores you but does no damage. The basilisk gazes at you.
You resist with some effort. The yak gores you but does no damage.
The basilisk bites you but does no damage.
The yak gores you but does no damage. The basilisk bites you!
* * * LOW HITPOINT WARNING * * *
The yak gores you!
* * * LOW HITPOINT WARNING * * *
The basilisk gazes at you. You resist with some effort. The yak gores you.
* * * LOW HITPOINT WARNING * * *
The basilisk gazes at you. You resist with some effort. The yak gores you!
* * * LOW HITPOINT WARNING * * *
You turn to flesh and can move again.
There is a stone staircase leading down, spattered with blood here.
You feel better. The basilisk bites you!
You die...

##.#.....).....#.....#.#.........
#.#...............#+#...........
#.#.###........###......#####'##
##.#.# #........# #.....## #.##
.#.#.# #........# #.....# #...
.#.#.######....## #.....# ####
.#.#......+....####.....#
.#.#......#.............#######
.#........#.##..@l......##....###
.####.....#.##.[.Y......##....'..
.# #.....#.##.......#####....###
.# #[....#.######...#####....#..
.# #.......# #...##.......... .#
#.......######...#<...####### .#
#.........)......'........... .#
##############+###.....###### .#
#....'.....# #


You could see a yak and a basilisk.

Vanquished Creatures
  A two-headed ogre (D:8)
  2 centaur skeletons (D:6)
  Grinder (D:4)
  Prince Ribbit (D:5)
  A spriggan (D:8)
  Sigmund (D:5)
  3 porcupines (D:9)
  Purgy (D:3)
  An orc warrior (D:6)
  2 ice beasts
  4 sky beasts
  A black bear (D:6)
  2 necrophages
  3 phantoms
  3 ogres
  4 centaurs
  4 crocodiles
  3 bullfrogs
  A big kobold (D:7)
  A wyvern zombie (D:6)
  2 scorpions
  10 killer bees
  4 wights (D:6)
  3 crimson imps (D:5)
  5 hounds
  A centaur zombie (D:6)
  4 orc wizards
  Crazy Yiuf (D:7)
  An iguana (D:6)
  8 worker ants
  A worker ant zombie (D:8)
  11 adders
  2 shadow imps
  An ooze (D:4)
  An adder skeleton (D:7)
  A worm (D:3)
  5 leopard geckos
  30 orcs
  3 giant cockroaches
  9 goblins
  7 hobgoblins
  6 jackals
  9 kobolds
  6 quokkas
  6 bats
  6 frilled lizards
  A quokka skeleton (D:8)
  13 rats
197 creatures vanquished.

Vanquished Creatures (others)
  A two-headed ogre (D:8)
1 creature vanquished.

Grand Total: 198 creatures vanquished

Notes
Turn   | Place    | Note
-------+----------+-------------------------------------------
     0 | Abyss:1  | Gargoyl the Centaur Abyssal Knight began the quest for the
                  | Orb.
     0 | Abyss:1  | Reached XP level 1. HP: 19/19 MP: 2/2
    92 | Abyss:1  | Found an iron altar of Okawaru.
   123 | Abyss:2  | Noticed a naga
   126 | Abyss:2  | Noticed a guardian serpent
   127 | D:1      | Escaped the Abyss
   511 | D:1      | Reached * piety under Lugonu
   525 | D:1      | Reached XP level 2. HP: 26/26 MP: 3/3
   962 | D:1      | Reached XP level 3. HP: 31/31 MP: 4/4
  1361 | D:2      | Reached skill level 2 in Axes
  1989 | D:2      | Found a stormy altar of Qazlal.
  2106 | D:3      | Reached XP level 4. HP: 30/40 MP: 5/5
  2113 | D:3      | Reached ** piety under Lugonu
  2309 | D:3      | Noticed Purgy
  2325 | D:3      | Killed Purgy
  2325 | D:3      | Reached skill level 1 in Throwing
  2325 | D:3      | Reached XP level 5. HP: 13/46 MP: 5/7
  2663 | D:3      | Reached skill level 3 in Axes
  3126 | D:4      | Noticed Grinder
  3244 | D:4      | Paralysed by Grinder for 4 turns
  3248 | D:4      | Killed Grinder
  3248 | D:4      | Reached XP level 6. HP: 51/52 MP: 8/8
  3296 | D:4      | Reached skill level 4 in Axes
  3344 | D:5      | Entered Level 5 of the Dungeon
  3561 | D:5      | Reached XP level 7. HP: 51/60 MP: 9/9
  3574 | D:5      | Noticed Sigmund
  3597 | D:5      | Killed Sigmund
  3964 | D:4      | Reached *** piety under Lugonu
  4462 | D:5      | Noticed Prince Ribbit
  4481 | D:5      | Killed Prince Ribbit
  4481 | D:5      | Reached skill level 5 in Axes
  4481 | D:5      | Reached XP level 8. HP: 36/67 MP: 11/11
  4841 | D:5      | Found a glowing silver altar of Zin.
  4860 | D:5      | Found a snail-covered altar of Cheibriados.
  4955 | D:5      | Found a shimmering altar of Xom.
  5350 | D:6      | Reached skill level 5 in Fighting
  5528 | D:6      | Reached skill level 1 in Shields
  5542 | D:6      | Reached skill level 5 in Invocations
  5615 | D:6      | Reached skill level 6 in Axes
  5615 | D:6      | Reached skill level 5 in Armour
  5755 | D:6      | Reached XP level 9. HP: 51/74 MP: 12/12
  6580 | D:6      | Reached **** piety under Lugonu
  6580 | D:6      | Reached skill level 7 in Axes
  7101 | D:7      | Found Manah's Magic Scroll Emporium.
  7140 | D:7      | Bought a scroll of enchant weapon for 105 gold pieces
  7140 | D:7      | Bought a scroll of teleportation for 42 gold pieces
  7140 | D:7      | Bought a scroll of teleportation for 42 gold pieces
  7140 | D:7      | Bought a scroll of teleportation for 42 gold pieces
  7140 | D:7      | Bought a scroll of fear for 49 gold pieces
  7673 | D:7      | Found a staircase to the Ecumenical Temple.
  8201 | D:7      | Found a runed door.
  8360 | D:7      | Noticed Crazy Yiuf
  8364 | D:7      | Killed Crazy Yiuf
  8808 | D:8      | Reached XP level 10. HP: 58/83 MP: 14/14
  9178 | D:8      | Noticed a two-headed ogre
  9195 | D:8      | Killed a two-headed ogre
  9513 | D:8      | Found a sacrificial altar of Ru.
  9546 | D:8      | Noticed a two-headed ogre
  9564 | D:8      | Banished a two-headed ogre
  9564 | D:8      | Reached skill level 1 in Dodging
  9909 | D:8      | Reached skill level 8 in Axes
 11163 | D:8      | HP: 2/84 [yak (5)]
 11164 | D:8      | Slain by a basilisk

Skill      XL: |  1  2  3  4  5  6  7  8  9 10 |
---------------+-------------------------------+-----
Axes           | 2 3 4 5 6 7 8 |  8.2
Armour         | 2 3 4 5 6 7 |  7.7
Fighting       | 4 5 6 |  6.4
Throwing       | 1 2 |  2.4
Invocations    | 3 4 5 6 7 |  7.5
Shields        | 1 2 |  2.1
Dodging        | 1 |  1.0

Action                   |  1- 3 |  4- 6 |  7- 9 | 10-12 || total
-------------------------+-------+-------+-------+-------++-------
Melee: Hand axe          |    99 |   102 |   315 |   122 ||   638
       Kick              |    17 |    25 |    82 |    26 ||   150
       Broad axe         |       |       |    33 |       ||    33
Throw: Javelin           |    13 |       |    17 |     8 ||    38
Invok: Depart the Abyss  |     1 |       |       |       ||     1
       Banish            |       |       |       |     1 ||     1
  Use: Scroll            |     9 |     6 |     7 |       ||    22
       Potion            |     1 |       |     1 |     1 ||     3
  Eat: Chunk             |     2 |     3 |     9 |     6 ||    20
       Ration            |       |     1 |     1 |       ||     2
Armor: Plate armour      |   102 |   112 |   269 |   102 ||   585
Dodge: Dodged            |     7 |     5 |    38 |    16 ||    66
Block: Buckler           |     9 |    11 |    48 |    25 ||    93
